 Dungeon Crawl Stone Soup version 0.30-a0-377-g5cb311bc9f (webtiles) character file.

Game seed: 325588871956692935

797 p00ps00p the Covered (level 7, -11/63 HPs)
             Began as a Hill Orc Fighter on Nov 30, 2022.
             Was an Initiate of Gozag.
             Mangled by an ogre
             ... wielding a +0 giant club
              (18 damage)
             ... on level 5 of the Dungeon.
             The game lasted 00:07:47 (3409 turns).

p00ps00p the Covered (Hill Orc Fighter)             Turns: 3409, Time: 00:07:49

Health: -11/63     AC: 12    Str: 30    XL:     7   Next: 89%
Magic:  7/7        EV: 10    Int:  8    God:    Gozag
Gold:   422        SH:  5    Dex: 15    Spells: 6/6 levels left

rFire   . . .      SeeInvis .    y - +6 mace "Ziwipip" {flame, +Blink Str+9 Dex+5}
rCold   . . .      Faith    .    c - +0 buckler
rNeg    . . .      Spirit   .    o - +1 ring mail of Yfoosibb {Regen+}
rPois   .          Reflect  .    l - +2 helmet
rElec   .          Harm     .    (no cloak)
rCorr   .          Rampage  .    (no gloves)
Will    .....                    x - +0 pair of boots
Stlth   +.........               (no amulet)
HPRegen 1.10/turn                (no ring)
MPRegen 0.10/turn                (no ring)

@: gold aura, studying Armour
A: no striking features
a: Renounce Religion, Convert to Beogh, Evoke Blink, Potion Petition, Call
Merchant, Bribe Branch


You were on level 5 of the Dungeon.
You worshipped Gozag.
Gozag was aware of your devotion.
You visited 1 branch of the dungeon, and saw 5 of its levels.

You collected 1205 gold pieces.
You paid 783 gold pieces to Gozag.

Inventory:

Hand Weapons
 a - a +0 war axe
 y - the +6 mace "Ziwipip" (weapon) {flame, +Blink Str+9 Dex+5}
   (You found it on level 4 of the Dungeon)

   It burns those it strikes, dealing additional fire damage.
   Str:       It affects your strength (+9).
   Dex:       It affects your dexterity (+5).
   +Blink:    It lets you blink.
Missiles
 h - 9 poisoned darts
 i - a throwing net
Armour
 b - a +0 scale mail
 c - a +0 buckler (worn)
 l - a +2 helmet (worn)
 n - a +2 scale mail of fire resistance
 o - the +1 ring mail of Yfoosibb (worn) {Regen+}
   (You found it on level 2 of the Dungeon)

   Regen:     It increases your rate of health regeneration.
 p - a +2 leather armour of cold resistance
 x - a +0 pair of boots (worn)
Wands
 k - a wand of iceblast (7) (quivered)
 m - a wand of polymorph (6)
Scrolls
 s - a scroll of enchant weapon {unknown}
 u - 2 scrolls of amnesia
 v - a scroll of immolation {unknown}
 w - 2 scrolls of noise {unknown}
Potions
 d - a potion of might
 e - 2 potions of heal wounds {unknown}
 f - 2 potions of flight
 g - a potion of berserk rage {unknown}
 j - a potion of experience {unknown}
 q - a potion of cancellation {unknown}
 r - a potion of curing
 t - a potion of lignification {unknown}


   Skills:
 + Level 6.2 Fighting
 + Level 6.2 Axes
 + Level 7.0 Armour
 + Level 5.7 Shields


You had 6 spell levels left.
You didn't know any spells.
Your spell library was empty.

Dungeon Overview and Level Annotations

Branches:
Dungeon (5/15)
 Temple: D:4-7

Altars:
Cheibriados
Gozag
Sif Muna

Shops:
D:3 (


Message History

The hound is distracted by your dazzling golden aura.
The ogre hits you with a +0 giant club!!
The hound barks!
Unknown command.
You completely miss the orc priest.
The orc priest is lightly wounded.
The orc is no longer distracted by gold.
The orc misses you.
The orc priest hits you but does no damage.
The orc hits you with a +0 whip.
The orc priest shouts, "Join the one true god or die!"
You block the orc priest's attack. The ogre barely misses you.
You are too injured to fight recklessly!
Unknown command.
You are too injured to fight recklessly!
Unknown command.
You are too injured to fight recklessly!
Unknown command.
You are too injured to fight recklessly!
Unknown command.
You are too injured to fight recklessly!
The orc priest mumbles some strange prayers to Beogh against you.
Pain shoots through your body!
You thump the orc! You burn the orc.
You kill the orc!
The orc priest barely misses you.
You sock the ogre! You burn the ogre.
The ogre is heavily wounded.
The hound is no longer distracted by gold.
The ogre closely misses you.
The orc priest calls down the wrath of Beogh upon you.
Beogh smites you!
* * * LOW HITPOINT WARNING * * *
You feel better.
The orc priest mumbles some strange prayers to Beogh against you.
Beogh smites you!
* * * LOW HITPOINT WARNING * * *
The ogre hits you with a +0 giant club!!
You die...
Your body crumbles into a pile of gold.

#.....# ###########
.......###.......<.#
........##.........#
........##.........#
........##.........#
........##..>......#
......$o##.........#
$......hO@......>...#
.?.....###.........#
#...... ###########
####.## ... #.. #. ..


You could see an ogre, a hound and an orc priest.

Vanquished Creatures
  Grinder (D:4)
  2 ogres
  A scorpion (D:4)
  A hound (D:4)
  An orc priest (D:4)
  3 iguanas (D:4)
  Terence (D:2)
  2 orc wizards
  4 gnolls (D:4)
  2 adders (D:3)
  A worm (D:2)
  A dart slug (D:4)
  8 orcs
  6 ball pythons
  8 endoplasms
  4 giant cockroaches
  6 goblins
  14 hobgoblins
  6 jackals
  2 quokkas
  2 bats (D:1)
  7 kobolds
  4 rats
87 creatures vanquished.

Notes
Turn   | Place    | Note
-------+----------+-------------------------------------------
     0 | D:1      | p00ps00p the Hill Orc Fighter began the quest for the Orb.
     0 | D:1      | Reached XP level 1. HP: 19/19 MP: 1/1
   185 | D:1      | Reached XP level 2. HP: 27/27 MP: 2/2
   620 | D:2      | Reached XP level 3. HP: 31/33 MP: 3/3
   712 | D:2      | Found a snail-covered altar of Cheibriados.
   982 | D:2      | Noticed Terence
  1007 | D:2      | Killed Terence
  1008 | D:2      | Reached XP level 4. HP: 11/40 MP: 4/4
  1017 | D:2      | Identified 2 scrolls of acquirement
  1017 | D:2      | Acquired a manual of Armour
  1020 | D:2      | Acquired 761 gold pieces
  1254 | D:2      | Identified the +1 ring mail of Yfoosibb {Regen+}
  1503 | D:2      | Reached skill level 4 in Armour
  1768 | D:3      | Found a shimmering blue altar of Sif Muna.
  1789 | D:3      | Noticed an ogre
  1791 | D:3      | Killed an ogre
  1792 | D:3      | Reached XP level 5. HP: 47/47 MP: 5/5
  2156 | D:3      | Found an opulent altar of Gozag.
  2170 | D:3      | Became a worshipper of Gozag Ym Sagoz the Greedy
  2262 | D:4      | Reached skill level 5 in Fighting
  2262 | D:4      | Reached skill level 5 in Armour
  2262 | D:4      | Reached XP level 6. HP: 52/56 MP: 6/6
  2375 | D:4      | Noticed Grinder
  2403 | D:4      | Paralysed by Grinder for 3 turns
  2406 | D:4      | Killed Grinder
  2407 | D:4      | Reached skill level 5 in Axes
  2407 | D:4      | Reached skill level 6 in Armour
  2407 | D:4      | Reached skill level 5 in Shields
  2407 | D:4      | Reached XP level 7. HP: 13/61 MP: 7/7
  2606 | D:4      | Identified the +5 flail of Action {freeze, Will+}
  3139 | D:4      | Reached skill level 7 in Armour
  3165 | D:4      | Identified the +6 mace "Ziwipip" {flame, +Blink Str+9
                  | Dex+5}
  3386 | D:5      | Entered Level 5 of the Dungeon
  3409 | D:5      | Mangled by an ogre

Illustrated notes

Levels and vault maps discovered:
D:1:      spicycebolla_arrival_xxxplode, layout_basic, nrook_campfire
D:2:      layout_loops_ring, basic_altar, minmay_tetromino_o4, uniq_terence
D:3:      layout_rooms, nicolae_overflow_crystal_walls,
          mainiacjoe_overflow_tiny_flanked
D:4:      minmay_thinvault, layout_loops_ring, kennysheep_generic_room_4,
          uniq_grinder
D:5:      layout_rooms, minmay_temple_entry_gardened_gates, eino_curves_01,
          uniq_eustachio

Skill      XL: |  1  2  3  4  5  6  7 |
---------------+----------------------+-----
Axes           | 3 4 5 6 |  6.2
Fighting       | 4 5 6 |  6.2
Armour         | 4 5 6 7 |  7.0
Shields        | 4 5 |  5.7

Action                   |  1- 3 |  4- 6 |  7- 9 || total
-------------------------+-------+-------+-------++-------
Melee: War axe           |    94 |    95 |    45 ||   234
       Mace              |       |       |    22 ||    22
Invok: Call Merchant     |       |     1 |       ||     1
Evoke: Wand              |       |     3 |       ||     3
  Use: Scroll            |       |     7 |       ||     7
       Potion            |       |       |     1 ||     1
 Stab: Distracted        |       |       |     1 ||     1
Armor: Scale mail        |    43 |     4 |       ||    47
       Ring mail         |       |    35 |    24 ||    59
Dodge: Dodged            |    47 |    42 |    35 ||   124
Block: Buckler           |    19 |    17 |    16 ||    52

Table legend: (Time is in decaauts)
 A = Elapsed time spent in this place.
 B = Non-inter-level travel time spent in this place.
 C = Inter-level travel time spent in this place.
 D = Time resting spent in this place.
 E = Time spent auto-exploring this place.
 F = Levels seen in this place.
 G = Mean time per level.
                   A        B        C        D        E       F      G
               +--------+--------+--------+--------+--------+-----+--------+
         Total |   3492 |   3217 |    275 |    140 |   2363 |   5 |  698.4 |
       Dungeon |   3492 |   3217 |    275 |    140 |   2363 |   5 |  698.4 |
               +--------+--------+--------+--------+--------+-----+--------+

Top non-repeatable levels by time:
     D:4: 1168 daAuts
     D:2: 1081 daAuts
     D:1: 700 daAuts
     D:3: 515 daAuts
     D:5: 25 daAuts
